 Dungeon Crawl Stone Soup version 0.27-a0-1147-gb3d8e82157 (webtiles) character file.

Game seed: 1088664169103495286

1824 leviel the Cleaver (level 8, -2/73 HPs)
             Began as a Minotaur Fighter on May 11, 2021.
             Succumbed to a black mamba's poison
             ... on level 1 of the Abyss.
             The game lasted 00:08:47 (6186 turns).

leviel the Cleaver (Minotaur Fighter)               Turns: 6186, Time: 00:08:47

Health: -2/73      AC: 15    Str: 23    XL:     8   Next: 86%
Magic:  7/7        EV:  5    Int:  5    God:
Gold:   261        SH: 11    Dex: 16    Spells: 7/7 levels left

rFire    . . .     SeeInvis .   a - +0 broad axe
rCold    + . .     Faith    .   c - +0 kite shield
rNeg     . . .     Spirit   .   u - +1 plate armour {rC+}
rPois    .         Reflect  .   (helmet restricted)
rElec    .         Harm     .   y - +0 cloak
rCorr    .         Rampage  .   (no gloves)
Will     .....                  (no boots)
Stlth    ..........             (no amulet)
HPRegen  0.22/turn              f - ring of flight
MPRegen  0.10/turn              q - +6 ring of dexterity

@: lethally poisoned (-2 -> -47), flying
A: horns 2, retaliatory headbutt, subdued magic 1
a: no special abilities


You were on level 1 of the Abyss.
You visited 1 branch of the dungeon, and saw 6 of its levels.
You visited the Abyss 1 time.

You collected 261 gold pieces.

Inventory:

Hand Weapons
 a - a +0 broad axe (weapon)
Missiles
 B - 6 silver javelins (quivered)
Armour
 c - a +0 kite shield (worn)
 u - a +1 plate armour of cold resistance (worn)
 y - a +0 cloak (worn)
Jewellery
 f - a ring of flight (left hand)
 q - a +6 ring of dexterity (right hand)
 w - an amulet of the acrobat
Wands
 n - a wand of iceblast (12)
 A - a wand of mindburst (10)
Scrolls
 b - 2 scrolls of blinking
 e - 4 scrolls of identify {unknown}
 i - 2 scrolls of fear {unknown}
 j - 2 scrolls of magic mapping {unknown}
 k - 5 scrolls of teleportation {unknown}
 o - 3 scrolls of enchant armour {unknown}
 p - 2 scrolls of noise {unknown}
 t - a scroll of summoning {unknown}
 x - 2 scrolls of fog {unknown}
Potions
 d - a potion of ambrosia {unknown}
 g - a potion of lignification {unknown}
 h - 2 potions of brilliance {unknown}
 l - 2 potions of flight {unknown}
 m - a potion of curing {unknown}
 r - a potion of resistance {unknown}
 s - a potion of invisibility {unknown}
 v - 2 potions of magic {unknown}
 z - a potion of berserk rage {unknown}
 C - a potion of cancellation {unknown}


   Skills:
 + Level 7.1 Fighting
 * Level 9.0 Axes
 + Level 7.2 Armour
 + Level 7.1 Shields


You had 7 spell levels left.
You didn't know any spells.
Your spell library contained the following spells:

 Spells                   Type           Power      Damage    Failure   Level
 Beastly Appendage        Tmut           0%         N/A       100%        1
 Wereblood                Tmut           0%         N/A       100%        2
 Spider Form              Tmut/Pois      0%         N/A       100%        3
 Ice Form                 Ice/Tmut       0%         N/A       100%        4
 Hydra Form               Tmut           0%         N/A       100%        5


Dungeon Overview and Level Annotations

Branches:
Dungeon (6/15)
 Temple: D:4-7

Altars:
Ashenzari
Gozag
Okawaru
Zin

Portals:
Abyss: D:6

Annotations:
D:6 1 transporter, leviel's ghost, novice MiFi


Innate Abilities, Weirdness & Mutations

You have a pair of horns on your head.
You reflexively headbutt those who attack you in melee.
Your spells are a little easier to cast, but a little less powerful.


Message History

You kill the neqoxec!
The black mamba bites you.
Your Axes skill increases to level 9!
Your Shields skill increases to level 7!
You slash the black mamba!
The black mamba is moderately wounded.
The black mamba barely misses you. You furiously retaliate!
You headbutt the black mamba! You block the black mamba's attack.
The black mamba bites you.
You are poisoned.
The black mamba poisons you!
You miss the black mamba. Your headbutt misses the black mamba.
The black mamba is heavily wounded.
You feel extremely sick.
The black mamba bites you but does no damage.
You block the black mamba's attack.
You miss the black mamba.
You headbutt the black mamba, but do no damage.
The black mamba is heavily wounded.
You feel very sick. The black mamba bites you.
You are more poisoned.
The black mamba poisons you! The black mamba bites you.
You are lethally poisoned!
The black mamba poisons you!
You hit the black mamba. Your headbutt misses the black mamba.
The black mamba is heavily wounded.
You feel extremely sick. The black mamba bites you.
You are more poisoned.
The black mamba poisons you! You block the black mamba's attack.
The black mamba bites you but does no damage.
You completely miss the black mamba.
The black mamba is heavily wounded.
* * * LOW HITPOINT WARNING * * *
You feel extremely sick.
The black mamba bites you but does no damage.
The black mamba bites you.
* * * LOW HITPOINT WARNING * * *
You die...

# ..#.# .##
.## ## #. #
# ## ... ###
#### ... # .
#.#..# .#.#.
. . ##
#..#.###.. #
. . # # #
#.###..# # #
...#.. ..
#.#...#
.#... . .
#.# #@..##
## . .## #.
##.##..# .
#.#S##...##
## ยง#..3#
..# #....#
##.#
##.#.#.# .#
#. .#..#...
#.#.###...#.
# .. ...# .


You could see a black mamba shaped shifter and a neqoxec.

Vanquished Creatures
  A neqoxec (Abyss:1)
  Menkaure (D:4)
  An orc warrior (D:6)
  A black bear (D:4)
  A necrophage (D:4)
  An ogre (D:5)
  A small abomination (Abyss:1)
  3 scorpions
  3 howler monkeys
  A jelly (D:4)
  A bullfrog zombie (D:6)
  2 bullfrog skeletons
  5 orc priests
  A hound (D:5)
  A gnoll shaman (D:5)
  2 orc wizards
  Natasha (thrice) (D:4)
  An iguana (D:5)
  A hound skeleton (D:4)
  12 gnolls
  14 adders
  A shadow imp (D:6)
  An adder skeleton (D:4)
  A worm (D:3)
  3 dart slugs
  21 orcs
  4 ball pythons
  12 endoplasms
  2 giant cockroaches
  14 goblins
  5 hobgoblins
  11 jackals
  6 bats
  2 frilled lizards
  4 kobolds
  2 rats (D:2)
146 creatures vanquished.

Vanquished Creatures (others)
  An orc wizard (D:5)
1 creature vanquished.

Grand Total: 147 creatures vanquished

Notes
Turn   | Place    | Note
-------+----------+-------------------------------------------
     0 | D:1      | leviel the Minotaur Fighter began the quest for the Orb.
     0 | D:1      | Reached XP level 1. HP: 19/19 MP: 0/0
    73 | D:1      | Reached XP level 2. HP: 22/27 MP: 1/1
   143 | D:1      | Found a faded altar of an unknown god.
   259 | D:1      | Reached skill level 3 in Axes
   626 | D:1      | Reached XP level 3. HP: 29/33 MP: 2/2
  1142 | D:2      | Reached XP level 4. HP: 19/40 MP: 3/3
  1465 | D:2      | Reached skill level 4 in Axes
  2153 | D:3      | Found a glowing silver altar of Zin.
  2203 | D:3      | Reached XP level 5. HP: 47/47 MP: 4/4
  2758 | D:3      | Found a broken altar of Ashenzari.
  3118 | D:4      | Reached skill level 5 in Axes
  3292 | D:4      | Found an opulent altar of Gozag.
  3309 | D:4      | Noticed a black bear
  3313 | D:4      | Killed a black bear
  3314 | D:4      | Reached skill level 5 in Fighting
  3314 | D:4      | Reached skill level 5 in Armour
  3314 | D:4      | Reached skill level 5 in Shields
  3314 | D:4      | Reached XP level 6. HP: 54/56 MP: 5/5
  3570 | D:4      | Noticed Natasha
  3570 | D:4      | Noticed Menkaure
  3580 | D:4      | Killed Natasha
  3582 | D:4      | Killed Menkaure
  3583 | D:4      | Reached skill level 6 in Axes
  3583 | D:4      | Reached XP level 7. HP: 50/61 MP: 6/6
  4279 | D:4      | Noticed Natasha
  4292 | D:4      | Killed Natasha
  4348 | D:4      | Noticed Natasha
  4355 | D:4      | Killed Natasha
  4356 | D:4      | Reached skill level 7 in Axes
  4419 | D:5      | Entered Level 5 of the Dungeon
  4622 | D:5      | Reached XP level 8. HP: 44/70 MP: 7/7
  5021 | D:5      | Reached skill level 8 in Axes
  5041 | D:5      | Found an iron altar of Okawaru.
  5425 | D:6      | Found a transporter.
  6009 | D:6      | Found a transporter.
  6010 | D:6      | Found a one-way gate to the infinite horrors of the Abyss.
  6023 | D:6      | Noticed leviel's ghost (novice MiFi)
  6093 | D:6      | Cast into level 1 of the Abyss (gnoll sergeant)
  6170 | Abyss:1  | Noticed a meliai
  6175 | Abyss:1  | Noticed a black mamba
  6175 | Abyss:1  | a meliai changed into a black mamba
  6175 | Abyss:1  | Gained mutation: Your spells are a little easier to cast,
                  | but a little less powerful. [a neqoxec]
  6181 | Abyss:1  | Reached skill level 9 in Axes
  6186 | Abyss:1  | Succumbed to a black mamba's poison

Illustrated notes

Levels and vault maps discovered:
D:1:      scummos_arrival_checkerplants, layout_basic,
          shapermc_ecumenical_altar_starsandcircs
D:2:      layout_basic, chequers_serial_rivers_micro_b, grunt_ministairs_11
D:3:      layout_rooms, zin_scriptorium, lemuel_coloured_pillars_altar,
          wad_rectangle_vault
D:4:      layout_basic, lemuel_tele_altar, hangedman_decor_slide_cut,
          hangedman_decor_push, uniq_menkaure, uniq_natasha
D:5:      layout_basic, okawaru_trees_1
D:6:      layout_basic, yredelemnul_forgotten_temple_becter,
          gammafunk_ghost_abyssal_escape
Abyss:1:  base:
D:3

Skill      XL: |  1  2  3  4  5  6  7  8 |
---------------+-------------------------+-----
Axes           | 3 4 5 6 7 9 |  9.0
Shields        | 4 5 6 7 |  7.1
Fighting       | 4 5 6 7 |  7.1
Armour         | 4 5 6 7 |  7.2

Action                   |  1- 3 |  4- 6 |  7- 9 || total
-------------------------+-------+-------+-------++-------
Melee: War axe           |    68 |   175 |   125 ||   368
       Headbutt          |    10 |    38 |    36 ||    84
       Broad axe         |       |       |    51 ||    51
  Use: Potion            |       |     1 |       ||     1
 Stab: Distracted        |       |     1 |       ||     1
Armor: Scale mail        |    31 |    83 |    28 ||   142
       Plate armour      |       |       |    59 ||    59
Dodge: Dodged            |    24 |    60 |    35 ||   119
Block: Kite shield       |    37 |    91 |   112 ||   240

Table legend: (Time is in decaauts)
 A = Elapsed time spent in this place.
 B = Non-inter-level travel time spent in this place.
 C = Inter-level travel time spent in this place.
 D = Time resting spent in this place.
 E = Time spent auto-exploring this place.
 F = Levels seen in this place.
 G = Mean time per level.
                   A        B        C        D        E       F      G
               +--------+--------+--------+--------+--------+-----+--------+
         Total |   6395 |   6285 |    110 |    736 |   4330 |   7 |  913.6 |
       Dungeon |   6296 |   6186 |    110 |    736 |   4330 |   6 | 1049.3 |
         Abyss |     98 |     98 |      0 |      0 |      0 |   1 |   98.0 |
               +--------+--------+--------+--------+--------+-----+--------+

Top non-repeatable levels by time:
     D:4: 1471 daAuts
     D:2: 1242 daAuts
     D:3: 1044 daAuts
     D:5: 901 daAuts
     D:1: 831 daAuts
     D:6: 804 daAuts
 Abyss:1: 98 daAuts
